 Dungeon Crawl Stone Soup version 0.30-a0-782-ge64f9170bb (webtiles) character file.

Game seed: 5099089527001997386

70973 sanka the Severer (level 15, -1/144 HPs)
             Began as a Hill Orc Monk on Mar 17, 2023.
             Was a High Priest of Beogh.
             Shot with an arrow by Nessos (18 damage)
             ... on level 13 of the Dungeon on Mar 18, 2023.
             The game lasted 01:06:12 (29356 turns).

sanka the Severer (Hill Orc Monk)                  Turns: 29356, Time: 01:06:13

Health: -1/144     AC: 22    Str: 28    XL:     15   Next: 35%
Magic:  21/21      EV: 10    Int: 10    God:    Beogh [*****.]
Gold:   1415       SH:  0    Dex: 13    Spells: 14/14 levels left

rFire   . . .      SeeInvis .    a - +0 battleaxe
rCold   . . .      Faith    +    (shield currently unavailable)
rNeg    . . .      Spirit   .    Z - +0 plate armour {rPois}
rPois   +          Reflect  .    J - +0 helmet
rElec   .          Harm     .    G - +0 cloak {Stlth+}
rCorr   .          Rampage  .    (no gloves)
Will    ++...                    I - +0 pair of boots Stlth
                                 B - amulet of faith
HPRegen 0.44/turn                z - +6 ring of strength
MPRegen 0.17/turn                Q - ring of willpower

@: lethally poisoned (-1 -> -19)
A: walk on water
a: Renounce Religion, Smiting, Recall Orcish Followers, Give Item to Named
Follower


You were on level 13 of the Dungeon.
You worshipped Beogh.
Beogh was extremely pleased with you.
You visited 3 branches of the dungeon, and saw 20 of its levels.
You also visited: Ossuary and Volcano.

You collected 2505 gold pieces.
You spent 1090 gold pieces at shops.


   Skills:
 * Level 16.1 Fighting
 - Level 20.0 Axes
 * Level 16.4 Armour
 + Level 5.4 Dodging
 - Level 1.5 Stealth
 + Level 9.2 Invocations


You had 14 spell levels left.
You didn't know any spells.
Your spell library contained the following spells:

 Spells                   Type           Power      Damage    Failure   Level
 Blink                    Tloc           0%         N/A       97%         2
 Ensorcelled Hibernation  Hex/Ice        0%         N/A       97%         2
 Lesser Beckoning         Tloc           0%         N/A       97%         2
 Momentum Strike          Conj/Tloc      0%         3d8       97%         2
 Passwall                 Tmut/Erth      0%         N/A       97%         2
 Sublimation of Blood     Necr           0%         N/A       97%         2
 Frozen Ramparts          Ice            0%         1d1       99%         3
 Gell's Gravitas          Tloc           0%         N/A       99%         3
 Kindle Blastsparks       Fire/Tloc/Air  0%         2d10      99%         3
 Stone Arrow              Conj/Erth      0%         3d7       99%         3
 Swiftness                Air            0%         N/A       99%         3
 Teleport Other           Tloc           0%         N/A       99%         3
 Airstrike                Air            0%         2d(0-16)  100%        4
 Animate Armour           Summ/Erth      0%         N/A       100%        4
 Animate Dead             Necr           0%         N/A       100%        4
 Fulminant Prism          Conj/Hex       0%         3d5       100%        4
 Ice Form                 Ice/Tmut       0%         N/A       100%        4
 Iskenderun's Mystic Bla  Conj/Tloc      0%         2d3       100%        4
 Petrify                  Tmut/Erth      0%         N/A       100%        4
 Summon Ice Beast         Ice/Summ       0%         N/A       100%        4
 Summon Lightning Spire   Summ/Air       0%         N/A       100%        4
 Blade Hands              Tmut           0%         N/A       100%        5
 Borgnjor's Vile Clutch   Necr/Erth      0%         N/A       100%        5
 Fireball                 Conj/Fire      0%         3d3       100%        5
 Irradiate                Conj/Tmut      0%         3d11      100%        5
 Iskenderun's Battlesphe  Conj           0%         2d6       100%        5
 Lee's Rapid Deconstruct  Erth           0%         3d4*      100%        5
 Lightning Bolt           Conj/Air       0%         1d11      100%        5
 Conjure Ball Lightning   Conj/Air       0%         3x3d6     100%        6
 Death Channel            Necr           0%         N/A       100%        6
 Dispersal                Tloc           0%         N/A       100%        6
 Iron Shot                Conj/Erth      0%         9d1       100%        6
 Orb of Destruction       Conj           0%         9d5       100%        7
 Lehudib's Crystal Spear  Conj/Erth      0%         10d2      100%        8

Inventory:

Hand Weapons
 a - a +0 battleaxe (weapon)
 b - a +3 scimitar of flaming
 D - the +2 long sword of Otudycoq {distort, rElec rC+ Will++ Str-2 SInv}

   Str:       It affects your strength (-2).
   rC:        It protects you from cold.
   rElec:     It insulates you from electricity.
   SInv:      It lets you see invisible.
   Will:      It greatly increases your willpower.
 S - a +2 bardiche of freezing
 Y - the +2 trident "Erimaw" {heavy, *Noise Str+2 Int+3 SInv}

   Str:       It affects your strength (+2).
   Int:       It affects your intelligence (+3).
   SInv:      It lets you see invisible.
   *Noise:    It may make noises in combat.
Missiles
 s - 2 curare-tipped darts {=f}
 P - 2 throwing nets {=f}
Armour
 E - a +0 pair of gloves
 G - a +0 cloak of stealth (worn)
 I - a +0 pair of boots (worn)
 J - a +0 helmet (worn)
 Z - a +0 plate armour of poison resistance (worn)
Jewellery
 z - a +6 ring of strength (left hand)
 A - a ring of flight
 B - an amulet of faith (around neck)
 O - a +4 ring of protection
 Q - a ring of willpower (right hand)
 U - a ring of ice
Wands
 o - a wand of charming (31)
 q - a wand of polymorph (22)
 F - a wand of roots (18)
 L - a wand of flame (41)
 M - a wand of mindburst (1)
 V - a wand of light (7)
Scrolls
 d - 5 scrolls of teleportation {@r4}
 f - 4 scrolls of fear
 g - 8 scrolls of enchant weapon
 h - 2 scrolls of torment {!r}
 l - 4 scrolls of magic mapping
 m - 6 scrolls of fog
 p - 4 scrolls of silence {!r}
 u - 3 scrolls of enchant armour
 w - 4 scrolls of blinking
 y - 5 scrolls of noise {!r}
 C - 6 scrolls of poison {!r}
 H - 8 scrolls of vulnerability {!r}
Potions
 c - 7 potions of ambrosia
 e - a potion of lignification {!q}
 i - 7 potions of heal wounds {@q2}
 j - 4 potions of haste {@q3}
 k - 3 potions of invisibility {unknown}
 n - 4 potions of berserk rage {!q}
 r - 7 potions of mutation {!q}
 t - 6 potions of curing {@q1}
 v - 3 potions of might
 x - 5 potions of flight
 K - 4 potions of cancellation
 R - 3 potions of brilliance {unknown}
 W - 5 potions of magic
Miscellaneous
 X - a condenser vane

Dungeon Overview and Level Annotations

Branches:
Dungeon (13/15)            Temple (0/1) D:6            Lair (5/5) D:10
  Swamp (0/4) Lair:2        Snake (0/4) Lair:2        Slime (0/5) Lair:4
    Orc (2/2) D:10            Elf (0/3) Orc:2        Vaults (0/5) D:13
Ossuary (visited)         Volcano (visited)

Altars:
Cheibriados
Fedhas
Gozag
Kikubaaqudgha
Makhleb
Nemelex Xobeh
Okawaru
Trog
Wu Jian
Xom
Yredelemnul
The Shining One
Beogh

Shops:
D:6 *   Orc:1 *   Orc:2 **=[

Annotations:
D:13 Nessos

▒▒▒▒▒▒▒▒▒▒▒▒▒
▒...........▒
▒...........▒
▒..co.o....<▒
▒...........▒
▒...........+
▒....oo.....▒
▒.....o.....▒
▒▒▒▒▒▒▒o▒▒▒▒▒
▒..▒ ▒▒o▒▒▒
▒o..▒ +


You could see Nessos (fast, ally target), 2 friendly orc knights, 2 friendly orc
warriors, a friendly orc priest (strong) and a friendly orc wizard (strong).


Message History

Nessos blinks!
Your orc knight goes into a battle-frenzy!
Unknown command.
You feel very sick.
Nessos mumbles some strange words.
Nessos blinks!
Nessos shoots an arrow.
The arrow hits you.
* * * LOW HITPOINT WARNING * * *
The arrow burns you.
* * * LOW HITPOINT WARNING * * *
Nessos shoots an arrow.
The arrow hits you but does no damage.
Unknown command.
You feel very sick.
Nessos shoots an arrow.
The arrow hits you!
* * * LOW HITPOINT WARNING * * *
The arrow burns you.
You are more poisoned.
* * * LOW HITPOINT WARNING * * *
Nessos shoots an arrow.
The arrow hits your orc warrior! The arrow burns your orc warrior.
Your orc knight roars a battlecry!
* * * LOW HITPOINT WARNING * * *
You feel very sick.
Nessos shoots an arrow.
The arrow hits you!!
You die...

Action                     |  1- 3 |  4- 6 |  7- 9 | 10-12 | 13-15 || total
---------------------------+-------+-------+-------+-------+-------++-------
  Melee: Hand axe          |   138 |    73 |       |       |       ||   211
         Punch             |     3 |       |     4 |     1 |       ||     8
         Dagger            |       |    40 |    39 |       |       ||    79
         War axe           |       |       |   187 |    61 |       ||   248
         Battleaxe         |       |       |       |   264 |   863 ||  1127
         Scimitar          |       |       |       |     3 |     9 ||    12
  Throw: Dart              |       |       |     1 |       |       ||     1
 Invoke: Smiting           |       |     5 |     8 |     6 |    17 ||    36
         Recall Orcish Fol |       |       |       |     3 |     3 ||     6
         Give Item to Name |       |       |       |       |     1 ||     1
  Evoke: Wand              |       |       |       |       |     2 ||     2
    Use: Scroll            |       |       |     3 |    15 |     8 ||    26
         Potion            |       |       |       |     1 |     2 ||     3
   Stab: Sleeping          |     5 |     1 |     1 |       |       ||     7
         Distracted        |       |       |       |     2 |     4 ||     6
         Petrified         |       |       |       |       |    11 ||    11
         Paralysed         |       |       |       |       |     2 ||     2
 Armour: Robe              |    21 |       |       |       |       ||    21
         Ring mail         |     1 |    29 |    33 |       |       ||    63
         Chain mail        |     1 |       |       |       |       ||     1
         Acid dragon scale |       |       |    29 |    24 |       ||    53
         Plate armour      |       |       |       |   133 |   433 ||   566
  Dodge: Dodged            |    74 |    61 |   125 |   140 |   299 ||   699
  Block: Other             |       |       |       |    46 |   131 ||   177
         Reflection        |       |       |       |     2 |     2 ||     4

Levels and vault maps discovered:
D:1:      dpeg_arrival_water_altar, layout_loops_ring,
          shapermc_ecumenical_altar_totnotflames, hangedman_decor_opposing,
          minmay_hexomino_f4
D:2:      layout_loops_corners, kennysheep_another_room
D:3:      layout_loops_cross, uniq_jessica
D:4:      layout_loops_ring, minivault_1
D:5:      layout_rooms, trog_ov_bears_minmay
D:6:      layout_cave_pods, fedhas_ov_isle_minmay,
          nicolae_gozag_zags_fifth_avenue, minmay_temple_entry_slanted,
          grunt_ministairs_6, kennysheep_generic_room_4, uniq_menkaure,
          uniq_maggie
D:7:      layout_loops_corners, tso_metal_star,
          nicolae_yredelemnul_corpse_copse, uniq_crazy_yiuf_cottage
D:8:      layout_loops_ring, kennysheep_little_box, tgw_xom,
          chequers_temple_overflow_statue_of_worship,
          nicolae_ossuary_entry_ruins, gammafunk_ghost_hive, uniq_erica
D:9:      layout_long_grid, hangedman_decor_clover_reticule
D:10:     layout_loops_ring, marbit_many_paths, lair_entry_dummy,
          david_orc_1_choice, serial_bayou_pond_d
D:11:     cheibrodos_histonic, layout_cave_pods, uniq_harold
D:12:     layout_rooms, hangedman_stone_soup, chei_slow_surprise
D:13:     layout_roguey, lightli_vaults_fourway_checkpoint, uniq_nessos
Lair:1:   layout_cellular_growth, minivault_25, serial_bayou_shore_b,
          grunt_megastairs_1
Lair:2:   layout_cave_pods, swamp_mist, nicolae_snake_entry_warm_welcome,
          minivault_11, st_stairs_4, cheibrodos_lair_lostbears
Lair:3:   layout_misc_corridors, infiniplex_staircase_pool_2
Lair:4:   regret_index_harrowing_hell_hive, layout_long_grid,
          minmay_slime_entry_eyes, basic_altar, serial_bayou_ford_a,
          cheibrodos_lair_caveside_slide, nicolae_quartered_pool_impasse
Lair:5:   gammafunk_lair_ancient_temple, layout_small_grid, wad_woods_road_02
Orc:1:    layout_caves, serial_shops, nicolae_shop_overgrown_old_shop,
          basic_altar
Orc:2:    st_orc_mages, layout_diamond_mine, nicolae_volcano_entry_two_sided,
          guppyfry_orc_lava_fort

Notes
Turn   | Place    | Note
-------+----------+-------------------------------------------
     0 | D:1      | sanka the Hill Orc Monk began the quest for the Orb.
     0 | D:1      | Reached XP level 1. HP: 19/19 MP: 1/1
   147 | D:1      | Reached XP level 2. HP: 21/27 MP: 2/2
   182 | D:1      | Reached skill level 4 in Fighting
   392 | D:1      | Found a faded altar of an unknown god.
   593 | D:1      | Reached XP level 3. HP: 32/34 MP: 3/3
   729 | D:1      | Prayed at the altar of an unknown god.
   729 | D:1      | Became a worshipper of Beogh the Brigand
   729 | D:1      | Reached * piety under Beogh
   729 | D:1      | Reached ** piety under Beogh
  1122 | D:1      | Found a glowing golden altar of the Shining One.
  1632 | D:2      | Reached skill level 5 in Axes
  1968 | D:2      | Reached skill level 1 in Invocations
  2376 | D:3      | Noticed Jessica
  2384 | D:3      | Killed Jessica
  2385 | D:3      | Reached XP level 4. HP: 26/41 MP: 3/5
  2487 | D:3      | Reached *** piety under Beogh
  2857 | D:4      | Reached skill level 2 in Invocations
  2963 | D:3      | Reached skill level 6 in Axes
  2963 | D:3      | Reached XP level 5. HP: 12/47 MP: 2/6
  3101 | D:4      | HP: 3/47 [iguana (10)]
  3103 | D:4      | Reached skill level 5 in Fighting
  3850 | D:4      | Identified the +6 dagger "Qierin" {flame, Dex+3}
  4013 | D:4      | Reached skill level 3 in Invocations
  4027 | D:4      | Reached XP level 6. HP: 50/56 MP: 5/8
  4140 | D:5      | Entered Level 5 of the Dungeon
  4405 | D:4      | Reached skill level 7 in Axes
  4758 | D:5      | Noticed a black bear
  4819 | D:5      | Reached XP level 7. HP: 54/62 MP: 9/9
  4843 | D:4      | Reached skill level 4 in Invocations
  4906 | D:5      | Reached skill level 8 in Axes
  4952 | D:5      | Reached skill level 6 in Fighting
  5114 | D:5      | Reached skill level 5 in Invocations
  5428 | D:5      | Identified the +2 long sword of Otudycoq {distort, rElec
                  | rC+ Will++ Str-2 SInv}
  5507 | D:5      | Reached skill level 9 in Axes
  5507 | D:5      | Reached XP level 8. HP: 71/71 MP: 4/11
  5508 | D:5      | Found a bloodstained altar of Trog.
  5617 | D:6      | Reached skill level 7 in Fighting
  5739 | D:6      | Reached skill level 10 in Axes
  6231 | D:6      | Identified +0 acid dragon scales
  6231 | D:6      | Noticed Maggie
  6443 | D:6      | Reached skill level 11 in Axes
  6527 | D:6      | Found a staircase to the Ecumenical Temple.
  6527 | D:6      | Noticed Menkaure
  6540 | D:6      | Killed Menkaure
  6541 | D:6      | Reached skill level 8 in Fighting
  6724 | D:6      | Reached XP level 9. HP: 51/81 MP: 12/12
  6967 | D:6      | Found a blossoming altar of Fedhas.
  7023 | D:6      | Killed Maggie
  7024 | D:6      | Reached skill level 12 in Axes
  7217 | D:6      | Found Gozag's Platinum Reserve.
  7221 | D:6      | Found an opulent altar of Gozag.
  7587 | D:7      | Reached skill level 9 in Fighting
  7717 | D:7      | Found a basalt altar of Yredelemnul.
  7741 | D:7      | Reached skill level 13 in Axes
  8118 | D:7      | Found a glowing golden altar of the Shining One.
  8736 | D:7      | Found a runed translucent door.
  8737 | D:7      | Noticed Crazy Yiuf
  8745 | D:7      | Killed Crazy Yiuf
  8827 | D:8      | Found a sparkling altar of Nemelex Xobeh.
  8828 | D:8      | Found a burning altar of Makhleb.
  8841 | D:8      | Found a shimmering altar of Xom.
  8960 | D:8      | Found a transporter.
  8974 | D:8      | Found a transporter.
  8977 | D:8      | Noticed a queen bee
  9041 | D:8      | Found a sand-covered staircase.
  9051 | Ossuary  | Entered an ossuary
  9326 | D:8      | Reached skill level 14 in Axes
  9402 | D:8      | Reached skill level 10 in Fighting
  9402 | D:8      | Reached XP level 10. HP: 67/93 MP: 13/13
  9648 | D:8      | Noticed wogdood's ghost (novice TrWr)
  9685 | D:8      | Found an ancient bone altar of Kikubaaqudgha.
  9883 | D:8      | Noticed Erica
  9895 | D:8      | Killed Erica
  9896 | D:8      | Reached skill level 11 in Fighting
  9957 | D:9      | Reached skill level 12 in Fighting
 10321 | D:9      | Reached skill level 13 in Fighting
 10806 | D:10     | Entered Level 10 of the Dungeon
 10818 | D:10     | Reached **** piety under Beogh
 11062 | D:10     | Reached skill level 15 in Axes
 11247 | D:10     | Found a staircase to the Lair.
 11409 | D:10     | Noticed a gargoyle
 11417 | D:10     | Killed a gargoyle
 11509 | D:10     | Reached XP level 11. HP: 107/107 MP: 14/14
 11543 | D:10     | Found an iron altar of Okawaru.
 11602 | D:10     | Found a staircase to the Orcish Mines.
 12125 | D:11     | Noticed Harold
 12133 | D:11     | Killed Harold
 12134 | D:11     | Reached skill level 16 in Axes
 12134 | D:11     | Reached ***** piety under Beogh
 12453 | D:11     | Noticed a cyclops
 12459 | D:11     | Killed a cyclops
 12573 | D:11     | Found a runed translucent door.
 12573 | D:11     | Noticed a green ugly thing
 12596 | D:11     | Noticed a cyclops
 12604 | D:11     | Killed a cyclops
 12605 | D:11     | Reached skill level 17 in Axes
 12698 | D:11     | Noticed a two-headed ogre
 12703 | D:11     | Killed a two-headed ogre
 12878 | D:11     | Noticed a two-headed ogre
 12885 | D:11     | Killed a two-headed ogre
 13146 | D:11     | Identified +0 acid dragon scales
 13215 | D:11     | Noticed a two-headed ogre
 13223 | D:11     | Killed a two-headed ogre
 13224 | D:11     | Reached skill level 18 in Axes
 13361 | D:11     | Found a runed translucent door.
 13394 | D:11     | Noticed a manticore
 13402 | D:11     | Killed a manticore
 13635 | Lair:1   | Entered Level 1 of the Lair of Beasts
 14263 | Lair:1   | Reached skill level 19 in Axes
 14282 | Lair:1   | You are sucked into a shaft and drop 1 floor!
 14299 | Lair:2   | Reached XP level 12. HP: 46/115 MP: 8/15
 14739 | Lair:2   | Gained Norbak as an ally
 14744 | Lair:2   | Reached skill level 20 in Axes
 14761 | Lair:2   | Reached skill level 1 in Armour
 14882 | Lair:1   | Reached skill level 2 in Armour
 15016 | Lair:1   | Reached skill level 3 in Armour
 15111 | Lair:1   | Reached skill level 4 in Armour
 15850 | Lair:2   | Noticed a seven-headed hydra
 15859 | Lair:2   | Killed a five-headed hydra
 15860 | Lair:2   | Reached skill level 5 in Armour
 16052 | Lair:2   | Reached skill level 6 in Armour
 16110 | Lair:2   | Identified the +10 flail of Suge {heavy, rElec Str+3}
 16180 | Lair:2   | Reached skill level 7 in Armour
 16502 | Lair:2   | Found a staircase to the Swamp.
 16798 | Lair:2   | Reached skill level 8 in Armour
 17001 | Lair:2   | Found a staircase to the Snake Pit.
 17028 | Lair:2   | Gained Gorm as an ally
 17032 | Lair:2   | Reached skill level 9 in Armour
 17872 | Lair:3   | Noticed a six-headed hydra
 17880 | Lair:3   | Killed a seven-headed hydra
 17887 | Lair:3   | Reached skill level 10 in Armour
 17888 | Lair:3   | Reached XP level 13. HP: 62/122 MP: 12/16
 18249 | Lair:3   | Reached skill level 11 in Armour
 18670 | Lair:4   | Reached skill level 12 in Armour
 18717 | Lair:4   | Found an ornate altar of the Wu Jian Council.
 18781 | Lair:4   | Your ally Gorm died
 18799 | Lair:4   | Your ally Norbak died
 19053 | Lair:4   | Gained Worak as an ally
 19079 | Lair:4   | HP: 2/122 [oklob plant/splash of acid (11)]
 19318 | Lair:4   | Your ally Worak died
 19335 | Lair:4   | Reached skill level 13 in Armour
 19851 | Lair:4   | Found a staircase to the Slime Pits.
 20295 | Lair:4   | Reached skill level 14 in Armour
 20921 | Lair:4   | Reached skill level 3 in Dodging
 21076 | Lair:5   | Entered Level 5 of the Lair of Beasts
 21261 | Lair:5   | Reached XP level 14. HP: 84/130 MP: 18/18
 21272 | Lair:5   | Reached skill level 6 in Invocations
 21655 | Lair:5   | Reached skill level 14 in Fighting
 22491 | Lair:5   | Identified +0 steam dragon scales
 22754 | Lair:5   | Paralysed by a hornet for 3 turns
 22761 | Lair:5   | Reached skill level 15 in Armour
 22961 | Lair:5   | Reached skill level 7 in Invocations
 23011 | Lair:5   | Reached skill level 4 in Dodging
 23719 | Lair:5   | Identified the +2 trident "Erimaw" {heavy, *Noise Str+2
                  | Int+3 SInv}
 24588 | D:11     | Identified the +0 leather armour of the Other Side {Str+3}
 24674 | D:11     | Reached skill level 15 in Fighting
 24948 | D:8      | Killed wogdood's ghost
 24949 | D:8      | Reached skill level 8 in Invocations
 25160 | Orc:1    | Entered Level 1 of the Orcish Mines
 25160 | Orc:1    | Noticed an orc warlord
 25172 | Orc:1    | Killed an orc warlord
 25547 | Orc:1    | Found a burning altar of Makhleb.
 25626 | Orc:1    | Found Cerun's Assorted Antiques.
 25771 | Orc:2    | Entered Level 2 of the Orcish Mines
 25785 | Orc:2    | Gained Gorg as an ally
 25788 | Orc:2    | Reached ****** piety under Beogh
 25789 | Orc:2    | Found Hed Ymme's Antique Armour Emporium.
 25789 | Orc:2    | Found Feroh's Assorted Antiques.
 25789 | Orc:2    | Found Nileliho's General Store.
 25815 | Orc:2    | Found Kirang's Jewellery Emporium.
 25950 | Orc:2    | Found a staircase to the Elven Halls.
 26075 | Orc:2    | Found a dark tunnel.
 26086 | Volcano  | Entered a volcano
 26395 | Volcano  | Identified +0 steam dragon scales
 26401 | Volcano  | Found a bloodstained altar of Trog.
 26410 | Volcano  | Reached XP level 15. HP: 118/141 MP: 21/21
 26678 | Volcano  | Identified +0 fire dragon scales
 26727 | Volcano  | Reached skill level 5 in Dodging
 26974 | Orc:2    | Reached skill level 16 in Armour
 26988 | Orc:2    | Gained Blodwig as an ally
 27508 | Orc:2    | Bought a scroll of blinking for 112 gold pieces
 27508 | Orc:2    | Bought a scroll of blinking for 112 gold pieces
 27512 | Orc:2    | Bought an amulet of faith for 520 gold pieces
 28224 | D:12     | Found a snail-covered altar of Cheibriados.
 28352 | Orc:1    | Bought a purple potion for 27 gold pieces
 28352 | Orc:1    | Bought a silver ring for 155 gold pieces
 28387 | Orc:2    | Bought 2 sapphire potions for 48 gold pieces
 28388 | Orc:2    | Bought a scroll of identify for 54 gold pieces
 28423 | Orc:1    | Bought a scroll of identify for 62 gold pieces
 28826 | D:13     | Reached skill level 9 in Invocations
 28909 | D:13     | Found a gate to the Vaults.
 28927 | D:13     | Reached skill level 16 in Fighting
 28927 | D:13     | Your ally Blodwig died
 29013 | D:13     | Your ally Gorg died
 29348 | D:13     | Noticed Nessos
 29356 | D:13     | Shot with an arrow by Nessos

Vanquished Creatures
  An orc warlord (Orc:1)
  A fire dragon (Volcano)
  3 hydras
  2 vault guards (D:13)
  A merfolk avatar (Lair:5)
  2 centaur warriors (D:13)
  2 catoblepae (Lair:5)
  2 boulder beetles (D:11)
  A two-headed ogre (D:11)
  Erica (D:8)
  A death yak (Lair:5)
  2 orc high priests (Orc:2)
  A hell hog (Volcano)
  The ghost of wogdood the Cudgeller, a novice TrWr of Hepliaklqana (D:8)
  A skyshark (Lair:2)
  A skeletal warrior (D:13)
  A sea snake (Lair:5)
  A lindwurm (Lair:4)
  An orc knight (Orc:1)
  3 harpies (Lair:5)
  2 oklob plants (Lair:4)
  3 ugly things
  A salamander (Lair:2)
  A deep elf zephyrmancer (D:12)
  An orc sorcerer (Orc:1)
  2 cyclopes (D:11)
  9 elephants
  3 manticores
  4 black mambas
  An eye of devastation (Lair:4)
  9 cane toads
  2 molten gargoyles (Volcano)
  5 gargoyles
  Maggie (D:6)
  A torpor snail (Lair:2)
  6 rime drakes
  11 komodo dragons
  A yaktaur (shapeshifter) (D:11)
  A tengu conjurer (D:13)
  A merfolk (D:12)
  2 meliai (Lair:4)
  A queen bee (D:8)
  8 polar bears
  5 trolls
  A hornet (Lair:5)
  3 snapping turtles
  6 blink frogs
  A shadow (D:9)
  2 vampires
  33 yaks
  5 wraiths
  6 wyverns
  A basilisk (Lair:4)
  5 fire bats (Volcano)
  6 steam dragons
  2 humans (shapeshifter)
  Menkaure (D:6)
  A human (D:12)
  A warg (Orc:1)
  8 vampire mosquitoes
  2 acid dragons
  13 water moccasins
  2 hell hounds (Volcano)
  2 hornet zombies (D:7)
  A floating eye (Lair:4)
  4 ice beasts
  3 ogres
  2 orc warriors
  3 black bears (D:5)
  6 wolves
  2 centaurs
  3 kobold brigands
  2 gnoll sergeants (D:10)
  3 necrophages
  8 bullfrogs
  3 scorpions
  3 wights (D:9)
  20 killer bees
  4 howler monkeys
  An electric eel (Lair:4)
  2 hounds
  4 lava snakes (Volcano)
  A jelly (D:7)
  Crazy Yiuf (D:7)
  A gnoll bouda (D:7)
  13 orc priests
  Jessica (D:3)
  3 iguanas
  8 orc wizards
  A hell rat (Lair:4)
  3 killer bee zombies (D:7)
  8 mummies (Ossuary)
  2 howler monkey zombies (D:7)
  16 gnolls
  2 adders (D:4)
  A white imp (D:6)
  A dart slug (D:1)
  23 orcs
  3 bats
  7 endoplasms
  6 giant cockroaches
  7 goblins
  5 hobgoblins
  3 quokkas (D:1)
  4 ball pythons
  2 frilled lizards
  2 gnoll zombies (Ossuary)
  2 hobgoblin zombies (Ossuary)
  17 kobolds
  3 kobold zombies (Ossuary)
  An orc zombie (Ossuary)
  9 rats
441 creatures vanquished.

Vanquished Creatures (collateral kills)
  Harold (D:11)
  A hydra (Lair:3)
  5 two-headed ogres
  A skyshark (Lair:3)
  A deep troll (Orc:2)
  A deep elf pyromancer (D:13)
  2 manticores (D:13)
  A cyclops (D:11)
  13 elephants
  A black mamba (Lair:1)
  4 cane toads
  A kobold demonologist (D:11)
  3 komodo dragons
  4 rime drakes
  A queen bee (Lair:4)
  5 trolls
  A meliai (Lair:4)
  3 blink frogs (Lair:2)
  2 shadows
  A wyvern (Lair:4)
  4 basilisks
  4 yaks
  4 vampire mosquitoes
  2 wargs
  An acid dragon (D:9)
  6 water moccasins
  11 orc warriors
  7 wolves
  2 ogres
  4 bullfrogs (Lair:1)
  A wight (D:9)
  18 killer bees (Lair:4)
  A howler monkey (D:9)
  3 lava snakes (Lair:2)
  14 orc priests
  11 orc wizards
  3 gnolls (D:10)
  A worm (D:12)
  14 orcs
  A kobold (D:10)
164 creatures vanquished.

Vanquished Creatures (others)
  6 orc knights
  2 orc high priests (Orc:2)
  2 orc sorcerers
  6 orc warriors
  20 orcs
  11 orc priests
  5 orc wizards
  74 fungi
  103 plants
229 creatures vanquished.

Grand Total: 834 creatures vanquished
